 Dungeon Crawl Stone Soup version 0.23.0 (webtiles) character file.

Game seed: 8526233696004000179

11720 Keith the Severer (level 11, -3/82 HPs)
             Began as a Minotaur Fighter on Feb 16, 2019.
             Was a High Priest of Okawaru.
             Slain by a 12-headed hydra (8 damage)
             ... on level 9 of the Dungeon on Feb 17, 2019.
             The game lasted 00:45:31 (10057 turns).

Keith the Severer (Minotaur Fighter)               Turns: 10057, Time: 00:45:32

Health: -3/82      AC: 18    Str: 25    XL:     11   Next: 53%
Magic:  17/17      EV:  4    Int:  8    God:    Okawaru [*****.]
Gold:   575        SH: 10    Dex:  9    Spells: 10/10 levels left

rFire    . . .     SeeInvis +   a - +0 war axe (freeze)
rCold    . . .     Gourm    .   c - +1 shield
rNeg     . . .     Faith    .   r - +0 plate armour
rPois    +         Spirit   .   z - +1 hat {Int+3}
rElec    .         Reflect  .   (no cloak)
rCorr    .         Harm     .   t - +2 pair of gloves
MR       .....                  w - +0 pair of boots
Stlth    ..........             (no amulet)
HPRegen  0.23/turn              q - ring of see invisible
MPRegen  0.15/turn              p - ring of poison resistance

@: drained
A: retaliatory headbutt, horns 2
a: Heroism, Finesse, Renounce Religion


You were on level 9 of the Dungeon.
You worshipped Okawaru.
Okawaru was extremely pleased with you.
You were very hungry.

You visited 2 branches of the dungeon, and saw 10 of its levels.

You collected 672 gold pieces.
You spent 97 gold pieces at shops.

Inventory:

Hand Weapons
 a - a +0 war axe of freezing (weapon)
 e - a +2 mace of holy wrath
Armour
 c - a +1 shield (worn)
 r - a +0 plate armour (worn)
 t - a +2 pair of gloves (worn)
 w - a +0 pair of boots (worn)
 z - a +1 hat of intelligence (worn)
Jewellery
 g - an uncursed ring of protection from fire
 p - a ring of poison resistance (right hand)
 q - a ring of see invisible (left hand)
 x - an uncursed ring of positive energy
Wands
 y - a wand of iceblast (7)
 G - a wand of acid (4)
Scrolls
 h - 2 scrolls of remove curse
 i - 3 scrolls of magic mapping
 j - a scroll of fear
 k - 4 scrolls of immolation
 s - 3 scrolls of enchant armour
 u - 7 scrolls of teleportation
 v - 4 scrolls of identify
 B - 2 scrolls of fog
Potions
 b - a potion of agility
 d - 3 potions of might
 l - a potion of cancellation
 m - 2 potions of invisibility
 n - 4 potions of flight
 o - 2 potions of curing
 A - 4 potions of lignification
 C - a potion of brilliance
 D - a potion of mutation
 F - a potion of berserk rage {unknown}
Comestibles
 f - 21 rations


   Skills:
 - Level 3.6(3.0) Fighting
 - Level 16.1(15.4) Axes
 - Level 2.6(10.4) Maces & Flails
 + Level 7.5(6.9) Armour
 - Level 3.6(3.0) Shields
 - Level 10.0(9.3) Invocations


You had 10 spell levels left.
You didn't know any spells.
Your spell library contained the following spells:

 Spells                   Type           Power        Failure   Level  Hunger
 Corona                   Hex            #......      100%        1    ##.....
 Sandblast                Erth           #.....       100%        1    ##.....
 Ensorcelled Hibernation  Hex/Ice        #.....       100%        2    ###....
 Passwall                 Tmut/Erth      #.......     100%        2    ###....
 Confuse                  Hex            #.......     100%        3    ####...
 Dazzling Spray           Conj/Hex       #.....       100%        3    ####...
 Stone Arrow              Conj/Erth      #.....       100%        3    ####...
 Tukima's Dance           Hex            #.......     100%        3    ####...
 Petrify                  Tmut/Erth      #.......     100%        4    #####..
 Lee's Rapid Deconstruct  Erth           #.........   100%        5    ######.


Dungeon Overview and Level Annotations

Branches:
Dungeon (9/15)             Temple (1/1) D:7            Lair (0/6) D:8
    Orc: D:9-12

Altars:
Ashenzari
Dithmenos
Fedhas
Gozag
Makhleb
Nemelex Xobeh
Okawaru
Sif Muna
Trog
Uskayaw
Wu Jian
Xom
Yredelemnul
Zin

Shops:
D:4 ?(%%}   D:9 (*[?


Innate Abilities, Weirdness & Mutations

You reflexively headbutt those who attack you in melee.
You have a pair of horns on your head.


Message History

The 12-headed hydra is no longer moving slowly.
Evoke which item? (* to show all) (? for menu, Esc to quit)
Aiming: Corrosive Bolt
Press: ? - help, Shift-Dir - straight line, f/p - 12-headed hydra
Aim: a 12-headed hydra (moderately wounded, covered in acid)
The bolt of acid hits the 12-headed hydra!
The 12-headed hydra is splashed with acid.
The acid corrodes the 12-headed hydra!
The 12-headed hydra is severely wounded.
You block the 12-headed hydra's attack. The 12-headed hydra bites you.
You block the 12-headed hydra's attack. The 12-headed hydra bites you!
* * * LOW HITPOINT WARNING * * *
The 12-headed hydra bites you!
* * * LOW HITPOINT WARNING * * *
The 12-headed hydra barely misses you. The 12-headed hydra bites you.
* * * LOW HITPOINT WARNING * * *
The 12-headed hydra bites you but does no damage.
The 12-headed hydra barely misses you. You block the 12-headed hydra's attack.
The 12-headed hydra bites you!
You die...

.........###########..#######.#.#
#.....).†##.%'.....#..#######.#.#
....###...# #.....#..........#..
....# #)..#+###'''##...##########
....# #...#.≈P.....#...#.........
....###...#P≈≈.....#......[######
.....##...#≈≈P..P..#.......#
.....##...#P≈..D)..#.......#
.....##...#PP≈.≈@≈.#.......#
.....##...#####.####.......#
#........####'#.(#.........#
#........'..)....##........#
#........####....##.....##.#
#....######......##.....##.#
#....######.#∩...##.....##.#
.................##.....##.#
............#....##....###.#


You could see a 12-headed hydra.

Vanquished Creatures
  Erica (D:8)
  A two-headed ogre (D:8)
  Pikel (D:8)
  An elephant (D:8)
  4 trolls
  2 dream sheep (D:9)
  3 hippogriffs
  Prince Ribbit (D:5)
  7 yaks
  A wraith (D:7)
  A wyvern (D:8)
  Grum (D:9)
  2 basilisks (D:8)
  Menkaure (D:6)
  2 sky beasts
  2 orc warriors
  2 slaves (D:8)
  2 ice beasts
  5 phantoms
  2 necrophages
  6 ogres
  3 centaurs
  2 wolves (D:9)
  2 crocodiles (D:8)
  3 big kobolds (D:9)
  Blork the orc (D:4)
  5 bullfrogs
  A gnoll sergeant (D:8)
  4 scorpions
  18 killer bees
  10 wights
  4 howler monkeys
  2 centaur zombies
  A bullfrog zombie (D:6)
  5 crimson imps
  A jelly (D:6)
  2 centaur skeletons
  A bullfrog skeleton (D:8)
  4 hounds
  5 orc priests
  A gnoll shaman (D:8)
  3 iguanas
  Terence (D:2)
  9 orc wizards
  9 worker ants
  A hound skeleton (D:6)
  A hound zombie (D:7)
  A howler monkey zombie (D:6)
  9 gnolls
  9 adders
  4 adder zombies
  An adder skeleton (D:4)
  6 worms
  5 dart slugs
  3 leopard geckos
  23 orcs
  2 giant cockroaches
  9 hobgoblins
  6 kobolds
  6 quokkas
  3 ball pythons
  6 bats
  6 frilled lizards
  6 goblins
  A quokka skeleton (D:4)
  8 rats
261 creatures vanquished.

Vanquished Creatures (others)
  A hungry ghost (D:8)
  A water moccasin (D:8)
  A slave (D:8)
  A gnoll (D:8)
  An adder (D:8)
5 creatures vanquished.

Grand Total: 266 creatures vanquished

Notes
Turn   | Place    | Note
-------+----------+-------------------------------------------
     0 | D:1      | Keith the Minotaur Fighter began the quest for the Orb.
     0 | D:1      | Reached XP level 1. HP: 19/19 MP: 0/0
   214 | D:1      | Reached skill level 3 in Axes
   248 | D:1      | Reached XP level 2. HP: 20/26 MP: 1/1
   383 | D:1      | Reached skill level 4 in Axes
   580 | D:1      | Reached XP level 3. HP: 31/31 MP: 2/2
   777 | D:2      | Noticed Terence
   787 | D:2      | Killed Terence
   787 | D:2      | Reached skill level 5 in Axes
   971 | D:2      | Reached XP level 4. HP: 39/39 MP: 3/3
  1408 | D:2      | Reached skill level 6 in Axes
  1759 | D:3      | Found a shadowy altar of Dithmenos.
  1776 | D:3      | Reached skill level 1 in Maces & Flails
  1800 | D:3      | Reached XP level 5. HP: 44/45 MP: 4/4
  2412 | D:4      | Found Hoischok's Food Shoppe.
  2447 | D:4      | Noticed a phantom
  2459 | D:4      | Killed a phantom
  2459 | D:4      | Reached skill level 7 in Axes
  2459 | D:4      | Reached XP level 6. HP: 44/51 MP: 5/5
  2463 | D:4      | Found Vuryut's Gadget Shoppe.
  2465 | D:4      | Noticed Blork the orc
  2480 | D:4      | Killed Blork the orc
  2496 | D:4      | Reached skill level 8 in Axes
  2567 | D:4      | Reached XP level 7. HP: 26/57 MP: 6/6
  2747 | D:4      | Found Cuup's Food Shoppe.
  2930 | D:4      | Found Gus Vanko's Magic Scroll Shop.
  3123 | D:4      | Found Litz's Antique Weapon Emporium.
  3164 | D:5      | Entered Level 5 of the Dungeon
  3241 | D:5      | Reached skill level 9 in Axes
  3253 | D:5      | Noticed Prince Ribbit
  3266 | D:5      | Reached skill level 10 in Axes
  3273 | D:5      | Killed Prince Ribbit
  3273 | D:5      | Reached skill level 11 in Axes
  3273 | D:5      | Reached XP level 8. HP: 5/64 MP: 7/7
  3921 | D:5      | Found a shimmering altar of Xom.
  4570 | D:6      | Reached skill level 12 in Axes
  4583 | D:6      | Noticed Menkaure
  4590 | D:6      | Killed Menkaure
  4789 | D:6      | Reached skill level 13 in Axes
  5057 | D:7      | Reached XP level 9. HP: 37/70 MP: 8/8
  5275 | D:7      | Reached skill level 14 in Axes
  5619 | D:7      | Found a staircase to the Ecumenical Temple.
  6379 | D:7      | Reached skill level 15 in Axes
  6517 | Temple   | Entered the Ecumenical Temple
  6523 | Temple   | Became a worshipper of Warmaster Okawaru
  6859 | D:7      | Found a burning altar of Makhleb.
  6860 | D:7      | Found an opulent altar of Gozag.
  6863 | D:7      | Found a sparkling altar of Nemelex Xobeh.
  6864 | D:7      | Found a glowing silver altar of Zin.
  7114 | D:8      | Noticed Pikel
  7129 | D:8      | Killed Pikel
  7129 | D:8      | Reached * piety under Okawaru
  7129 | D:8      | Reached skill level 16 in Axes
  7129 | D:8      | Reached XP level 10. HP: 66/77 MP: 9/9
  7140 | D:8      | Reached skill level 1 in Invocations
  7140 | D:8      | Noticed a two-headed ogre
  7169 | D:8      | Killed a two-headed ogre
  7169 | D:8      | Reached ** piety under Okawaru
  7172 | D:8      | Reached skill level 5 in Invocations
  7525 | D:8      | Noticed Erica
  7549 | D:8      | Killed Erica
  7549 | D:8      | Reached *** piety under Okawaru
  7583 | D:8      | Found a hide-covered altar of Uskayaw.
  7937 | D:8      | Noticed an elephant
  7949 | D:8      | Killed an elephant
  7949 | D:8      | Reached XP level 11. HP: 52/82 MP: 16/16
  8103 | D:8      | Found a staircase to the Lair.
  8353 | D:9      | Reached **** piety under Okawaru
  8390 | D:9      | Found Edaceh's Antique Armour Shop.
  8593 | D:9      | Found Quyckeeg's General Store.
  8600 | D:9      | Noticed Grum
  8621 | D:9      | Killed Grum
  8622 | D:9      | Reached skill level 10 in Invocations
  8779 | D:9      | Found Hatwonya's Magic Scroll Shop.
  8786 | D:9      | Bought a scroll of blinking for 97 gold pieces
  8816 | D:9      | Reached skill level 5 in Armour
  9421 | D:9      | Reached ***** piety under Okawaru
  9524 | D:9      | Found Aratunef's Weapon Shop.
  9570 | D:9      | Found a bloodstained altar of Trog.
  9742 | D:9      | Noticed a three-headed hydra
 10057 | D:9      | Slain by a 12-headed hydra

Skill      XL: |  1  2  3  4  5  6  7  8  9 10 11 |
---------------+----------------------------------+-----
Axes           | 3 4 5 6 7 8 11 13 16 | 16.1
Maces & Flails | 1 2 |  2.6
Invocations    | 8 10 | 10.0
Armour         | 7 |  7.5
Fighting       | |  3.6
Shields        | |  3.6

Action                   |  1- 3 |  4- 6 |  7- 9 | 10-12 || total
-------------------------+-------+-------+-------+-------++-------
Melee: War axe           |    68 |     4 |   311 |   388 ||   771
       Headbutt          |    12 |    29 |    60 |    80 ||   181
       Mace              |       |   123 |    27 |       ||   150
Invok: Heroism           |       |       |       |     3 ||     3
Evoke: Wand              |       |       |     1 |     3 ||     4
  Use: Scroll            |     7 |     3 |     8 |     5 ||    23
       Potion            |       |       |     2 |     2 ||     4
  Eat: Chunk             |       |     5 |     8 |     9 ||    22
       Ration            |       |       |     2 |       ||     2
Armor: Scale mail        |    21 |       |       |       ||    21
       Chain mail        |    14 |     3 |       |       ||    17
       Plate armour      |       |    74 |   188 |   229 ||   491
Dodge: Dodged            |    23 |    24 |    58 |    53 ||   158
Block: Shield            |    38 |    58 |   191 |   189 ||   476
